 Dungeon Crawl Stone Soup version 0.22.1 (webtiles) character file.

67 n0claF the Shooter (level 4, 0/34 HPs)
             Began as a Vampire Hunter on Sept 18, 2018.
             Slain by a rat (1 damage)
             ... on level 2 of the Dungeon.
             The game lasted 00:06:17 (2264 turns).

n0claF the Shooter (Vampire Hunter)                 Turns: 2264, Time: 00:06:18

Health: 0/34       AC:  3    Str: 11    XL:     4   Next: 0%
Magic:  4/4        EV: 13    Int: 13    God:
Gold:   66         SH:  0    Dex: 15    Spells: 3/3 levels left

rFire    . . .     SeeInvis +   b - +0 short sword
rCold    + + .     Gourm    .   (no shield)
rNeg     + + +     Faith    .   c - +0 leather armour
rPois    ∞         Spirit   .   (no helmet)
rElec    .         Reflect  .   (no cloak)
rCorr    .         Harm     .   (no gloves)
MR       .....                  (no boots)
Stlth    ++++......             (no amulet)
HPRegen  0.00/turn              (no ring)
MPRegen  0.09/turn              (no ring)

@: bloodless, non-regenerating
A: fangs 3, see invisible, unbreathing
a: Bat Form


You were on level 2 of the Dungeon.
You were bloodless.

You visited 1 branch of the dungeon, and saw 2 of its levels.

You collected 66 gold pieces.

Inventory:

Hand Weapons
 a - a +1 shortbow
 b - a +0 short sword (weapon)
Missiles
 d - 22 arrows
 l - 45 stones (quivered)
Armour
 c - a +0 leather armour (worn)
Scrolls
 e - a scroll of random uselessness {unknown}
 f - 2 scrolls of remove curse {unknown}
 h - a scroll of magic mapping {unknown}
 i - a scroll of identify {unknown}
 j - a scroll of teleportation {unknown}
 n - a scroll of noise {unknown}
 o - a scroll of amnesia {unknown}
 p - a scroll of fear {unknown}
Potions
 g - 2 potions of invisibility {unknown}
 k - a potion of berserk rage {unknown}
 m - a potion of ambrosia {unknown}
 q - 13 potions of blood {@q0}
 r - 2 potions of magic {unknown}


   Skills:
 + Level 2.4 Fighting
 * Level 4.0 Bows
 + Level 3.0 Dodging
 - Level 1.5 Stealth


You had 3 spell levels left.
You didn't know any spells.
Your spell library was empty.

Dungeon Overview and Level Annotations

Branches:
Dungeon (2/15)

Altars:
Xom


Innate Abilities, Weirdness & Mutations

You do not heal naturally.
You are immune to poison.
You have razor-sharp teeth.
You have supernaturally acute eyesight. (SInv)
You can survive without breathing.


Message History

The rat bites you but does no damage. The rat barely misses you.
The rat bites you.
* * * LOW HITPOINT WARNING * * *
The rat bites you but does no damage. The rat closely misses you.
The rat barely misses you. The rat closely misses you.
The rat barely misses you. The rat closely misses you. The rat bites you.
* * * LOW HITPOINT WARNING * * *
The rat bites you.
* * * LOW HITPOINT WARNING * * *
The rat misses you. The rat completely misses you. The rat bites you.
* * * LOW HITPOINT WARNING * * *
The rat misses you.
Unknown command.
Unknown command.
The rat bites you but does no damage. The rat closely misses you.
The rat bites you but does no damage. The rat bites you.
* * * LOW HITPOINT WARNING * * *
The rat barely misses you. The rat barely misses you.
The rat closely misses you. The rat closely misses you. The rat bites you.
* * * LOW HITPOINT WARNING * * *
The rat closely misses you. The rat barely misses you.
The rat bites you but does no damage. The rat bites you but does no damage.
The rat misses you. The rat bites you but does no damage. The rat misses you.
The rat closely misses you. The rat barely misses you.
The rat bites you but does no damage. The rat barely misses you.
The rat closely misses you. The rat misses you. The rat closely misses you.
The rat bites you.
* * * LOW HITPOINT WARNING * * *
The rat bites you.
You die...

#.# #.# #.#
#####.####
#.....†..# #.#
#.#.# #.###..# #
#.##..## ##.#####
#.##...###.....@#
##.#.....#.#.###r#
........#.##.# #.#
##...........# #.#
#####.####### #.#
#.# #.# ##'## #.#
##...## #.#
##.....## ###.#


You could see a rat.

Vanquished Creatures
  3 adders (D:2)
  A worm (D:2)
  An orc (D:2)
  3 bats (D:1)
  2 giant cockroaches
  2 goblins (D:1)
  2 hobgoblins
  6 jackals (D:1)
  A ball python (D:1)
  12 frilled lizards
  3 kobolds (D:1)
  5 rats
41 creatures vanquished.

Notes
Turn   | Place    | Note
-------+----------+-------------------------------------------
     0 | D:1      | n0claF the Vampire Hunter began the quest for the Orb.
     0 | D:1      | Reached XP level 1. HP: 16/16 MP: 1/1
    34 | D:1      | Reached XP level 2. HP: 16/22 MP: 2/2
   851 | D:1      | Reached XP level 3. HP: 19/27 MP: 3/3
  1048 | D:1      | Found a shimmering altar of Xom.
  1691 | D:2      | Reached skill level 4 in Bows
  2123 | D:2      | Reached XP level 4. HP: 19/34 MP: 4/4
  2263 | D:2      | HP: 1/34 [rat (1)]
  2264 | D:2      | Slain by a rat

Skill      XL: |  1  2  3 |
---------------+----------+-----
Fighting       | 2 |  2.4
Bows           | 4 |  4.0
Dodging        | 3 |  3.0
Stealth        | |  1.5

Action                   |  1- 3 |  4- 6 || total
-------------------------+-------+-------++-------
Melee: Short sword       |    65 |       ||    65
       Bite              |     6 |       ||     6
 Fire: Shortbow          |    55 |       ||    55
Throw: Stone             |    33 |       ||    33
Armor: Leather armour    |    21 |    14 ||    35
Dodge: Dodged            |    44 |    39 ||    83
